 Dungeon Crawl Stone Soup version 0.21.1-1-g345015fe64 (webtiles) character file.

38781 Lentor the Fencer (level 13, 0/119 HPs)
             Began as a Minotaur Berserker on June 18, 2018.
             Was the Champion of Trog.
             Slain by an 11-headed hydra (10 damage)
             ... on level 6 of the Lair of Beasts.
             The game lasted 00:39:47 (13804 turns).

Lentor the Fencer (Minotaur Berserker)             Turns: 13804, Time: 00:39:48

Health: 0/119      AC: 18    Str: 31    XL:     13   Next: 65%
Magic:  0/12       EV: 15    Int:  4    God:    Trog [******]
Gold:   968        SH:  0    Dex: 12    Spells: 12/12 levels left

rFire    . . .     SeeInvis .   D - +4 great sword "Elurhy Renea" {slice, *Slow rC+ rN+ Str+3}
rCold    + + .     Gourm    .   (shield currently unavailable)
rNeg     + + .     Faith    +   H - +1 scale mail "Arhukh" {rPois rN+}
rPois    +         Spirit   +   a - +2 hat
rElec    .         Reflect  .   q - scarf {Spirit}
rCorr    .         Harm     .   N - +1 pair of gloves {Str+3}
MR       .....                  b - +2 pair of boots
Stlth    +.........             I - amulet of faith
HPRegen  0.29/turn              t - ring of poison resistance
MPRegen  0.13/turn              L - ring of protection from cold

@: berserk cooldown, starving, slowed, very slow
A: retaliatory headbutt, horns 2
a: Berserk, Trog's Hand, Brothers in Arms, Burn Spellbooks, Renounce Religion


You were on level 6 of the Lair of Beasts.
You worshipped Trog.
Trog was exalted by your worship.
You were starving.

You visited 3 branches of the dungeon, and saw 17 of its levels.
You also visited: Labyrinth.

You collected 968 gold pieces.

Inventory:

Hand Weapons
 m - a +0 triple sword of slicing
 y - a +4 demon blade of venom
 D - the +4 great sword "Elurhy Renea" (weapon) {slice, *Slow rC+ rN+ Str+3}
   (Trog gifted it to you on level 10 of the Dungeon)

   It inflicts extra damage upon your enemies.
   It affects your strength (+3).
   It protects you from cold.
   It protects you from negative energy.
   It may slow you when you take damage.
Missiles
 k - 4 tomahawks of returning (quivered)
Armour
 a - a +2 hat (worn)
 b - a +2 pair of boots (worn)
 j - a +3 buckler
 q - a scarf of spirit shield (worn)
 H - the +1 scale mail "Arhukh" (worn) {rPois rN+}
   (You found it on level 7 of the Dungeon)

   It protects you from poison.
   It protects you from negative energy.
 N - a +1 pair of gloves of strength (worn)
Jewellery
 t - a ring of poison resistance (left hand)
 x - an uncursed ring of magical power
 I - an amulet of faith (around neck)
 L - a ring of protection from cold (right hand)
Wands
 p - a wand of iceblast (8)
 s - a wand of random effects (69)
 z - a wand of polymorph (12)
 A - a wand of flame (12)
 E - a wand of scattershot (6)
 F - a wand of digging (23)
 J - a wand of disintegration (13)
Scrolls
 d - 7 scrolls of teleportation
 e - 3 scrolls of identify
 l - 8 scrolls of remove curse
 r - a scroll of fog
 u - a scroll of enchant weapon
 K - 2 scrolls of vulnerability {unknown}
 M - a scroll of fear
Potions
 f - 2 potions of agility
 g - 4 potions of haste
 h - 7 potions of curing
 i - 5 potions of heal wounds
 n - 2 potions of might {unknown}
 o - 2 potions of brilliance {unknown}
 v - a potion of flight {unknown}
 B - 3 potions of mutation {unknown}
 G - 4 potions of invisibility
Books
 O - the Guide on Dark Secrets
   (You found it in a labyrinth)

   Spells                             Type                      Level
   a - Pain                           Necromancy                   1
   b - Vampiric Draining              Necromancy                   3
   c - Borgnjor's Vile Clutch         Necromancy/Earth             5
   d - Death Channel                  Necromancy                   6
   Trog disapproves of the use of such an item.
 P - a book of Clouds

   Spells                             Type                      Level
   a - Poisonous Vapours              Poison/Air                   2
   b - Mephitic Cloud                 Conjuration/Poison/Air       3
   c - Conjure Flame                  Conjuration/Fire             3
   d - Freezing Cloud                 Conjuration/Ice/Air          6
   e - Ring of Flames                 Charms/Fire                  7
   Trog disapproves of the use of such an item.
Miscellaneous
 w - 2 phantom mirrors
 C - a fan of gales
Comestibles
 c - 18 rations


   Skills:
 + Level 12.8 Fighting
 + Level 18.2 Long Blades
 + Level 0.7 Throwing
 + Level 12.5 Armour
 + Level 8.2 Dodging
 + Level 3.1 Stealth
 + Level 5.4 Shields


You had 12 spell levels left.
You didn't know any spells.

Dungeon Overview and Level Annotations

Branches:
Dungeon (10/15)            Temple (1/1) D:7            Lair (6/6) D:10
  Swamp (0/4) Lair:4       Spider (0/4) Lair:4        Slime (0/5) Lair:5
    Orc: D:9-12

Altars:
Ashenzari
Cheibriados
Dithmenos
Elyvilon
Fedhas
Gozag
Hepliaklqana
Kikubaaqudgha
Makhleb
Nemelex Xobeh
Okawaru
Qazlal
Ru
Sif Muna
Trog
Uskayaw
Vehumet
Wu Jian
Xom
Yredelemnul
Zin
The Shining One

Shops:
D:4 !


Innate Abilities, Weirdness & Mutations

You reflexively headbutt those who attack you in melee.
You have a pair of horns on your head.


Message History

The 11-headed hydra bites you.
* * * LOW HITPOINT WARNING * * *
The water moccasin closely misses you.
Your stone giant goes berserk!
You are starving!
The 11-headed hydra bites you.
* * * LOW HITPOINT WARNING * * *
The 11-headed hydra bites you but does no damage.
The 11-headed hydra misses you.
The 11-headed hydra bites you but does no damage.
The 11-headed hydra bites you.
* * * LOW HITPOINT WARNING * * *
The 11-headed hydra bites you but does no damage.
The 11-headed hydra bites you!
* * * LOW HITPOINT WARNING * * *
The 11-headed hydra bites you but does no damage.
The 11-headed hydra bites you.
* * * LOW HITPOINT WARNING * * *
The 11-headed hydra barely misses you. The 11-headed hydra bites you!
You die...

...............
................
.................
..........$.......
...................
...................
.........#tSD......
........#..@.......
........#.C...(..P.
.....P.P$..........
....#.............. #P.P..#
.....#.#..............P#...
#......†...................
............................
............................
............................


You could see a 11-headed hydra, a water moccasin, a crocodile and a friendly
stone giant (berserk).

Vanquished Creatures
  Gastronok (D:10)
  Snorg (Lair:5)
  A minotaur (Lab)
  4 hydras
  4 two-headed ogres
  Nergalle (Lair:2)
  A fire crab (Lair:5)
  An unseen horror (D:10)
  Pikel (D:4)
  An orb spider (Lair:4)
  An oklob plant (Lair:5)
  Psyche (D:8)
  3 black mambas
  19 spiny frogs
  4 gargoyles (Lab)
  7 komodo dragons
  3 rime drakes
  A tyrant leech (Lair:6)
  Grinder (D:6)
  A hornet (D:9)
  4 dream sheep (Lair:5)
  22 blink frogs
  3 hippogriffs
  A spriggan (D:7)
  16 yaks
  A wyvern (D:7)
  5 hungry ghosts
  5 vampire mosquitoes (Lair:6)
  5 water moccasins
  Duvessa (D:6)
  16 porcupines
  4 ice beasts
  3 ogres
  A sky beast (D:10)
  4 black bears
  2 slaves (D:4)
  2 wolves (Lair:2)
  A phantom (D:7)
  A necrophage (D:6)
  5 centaurs
  7 crocodiles
  21 bullfrogs
  A big kobold (D:10)
  Dowan (D:6)
  A wyvern skeleton (D:8)
  2 scorpions
  9 wights (D:9)
  A howler monkey (D:4)
  2 crimson imps
  A centaur zombie (D:7)
  2 quasits
  A bullfrog zombie (D:10)
  3 orc priests
  A bullfrog skeleton (D:10)
  5 hounds
  3 jellies
  4 orc wizards
  Natasha (twice) (D:4)
  An iguana (D:6)
  5 worker ants
  A killer bee zombie (D:10)
  A hound zombie (D:7)
  2 hound skeletons
  A worker ant zombie (D:5)
  11 adders
  A howler monkey skeleton (D:7)
  An ooze (D:5)
  2 dart slugs (D:1)
  7 leopard geckos
  18 orcs
  8 giant cockroaches
  7 goblins
  10 hobgoblins
  10 jackals
  6 quokkas
  4 bats
  8 frilled lizards
  A giant cockroach zombie (D:6)
  19 kobolds
  A leopard gecko skeleton (D:3)
  8 rats
  A fungus (Lair:3)
  A plant (Lair:1)
361 creatures vanquished.

Vanquished Creatures (others)
  An orc wizard (D:4)
  Natasha (D:4)
  3 orcs (D:4)
  A giant cockroach (D:4)
  7 fungi
  36 plants
49 creatures vanquished.

Grand Total: 410 creatures vanquished

Notes
Turn   | Place    | Note
-------+----------+-------------------------------------------
     0 | D:1      | Lentor the Minotaur Berserker began the quest for the Orb.
     0 | D:1      | Reached XP level 1. HP: 19/19 MP: 0/0
   103 | D:1      | Reached skill level 4 in Long Blades
   103 | D:1      | Reached XP level 2. HP: 27/27 MP: 1/1
   630 | D:1      | Reached XP level 3. HP: 33/33 MP: 2/2
   638 | D:1      | Reached ** piety under Trog
  1247 | D:2      | Reached XP level 4. HP: 40/41 MP: 3/3
  1372 | D:2      | Reached skill level 5 in Long Blades
  1379 | D:2      | Found a faded altar of an unknown god.
  1489 | D:3      | Noticed an ice beast
  1496 | D:3      | Killed an ice beast
  1496 | D:3      | Reached XP level 5. HP: 36/47 MP: 4/4
  1531 | D:3      | Reached skill level 6 in Long Blades
  1537 | D:3      | Reached *** piety under Trog
  1544 | D:3      | Reached XP level 6. HP: 31/53 MP: 5/5
  1843 | D:3      | Found an opulent altar of Gozag.
  1843 | D:3      | Found a glowing silver altar of Zin.
  2246 | D:4      | Reached skill level 7 in Long Blades
  2282 | D:4      | Noticed a slave
  2283 | D:4      | Noticed a slave
  2283 | D:4      | Noticed a slave
  2285 | D:4      | Noticed Pikel
  2286 | D:4      | Noticed a slave
  2292 | D:4      | Killed a slave
  2295 | D:4      | Killed a slave
  2300 | D:4      | Killed Pikel
  2300 | D:4      | Reached skill level 5 in Fighting
  2300 | D:4      | Reached skill level 8 in Long Blades
  2300 | D:4      | Reached skill level 5 in Armour
  2300 | D:4      | Reached XP level 7. HP: 47/61 MP: 6/6
  2546 | D:4      | Found an ancient bone altar of Kikubaaqudgha.
  2555 | D:4      | Killed Natasha
  2596 | D:4      | Noticed Natasha
  2612 | D:4      | Killed Natasha
  2758 | D:4      | Found Hidghej's Distillery.
  2803 | D:4      | Noticed Natasha
  2816 | D:4      | Killed Natasha
  3026 | D:5      | Entered Level 5 of the Dungeon
  3065 | D:5      | Found a deep blue altar of Sif Muna.
  3216 | D:5      | Reached XP level 8. HP: 63/69 MP: 7/7
  3379 | D:5      | Reached skill level 9 in Long Blades
  3553 | D:5      | Reached skill level 1 in Stealth
  3742 | D:6      | Found a shadowy altar of Dithmenos.
  3795 | D:6      | Noticed Duvessa
  3799 | D:6      | Noticed Dowan
  3804 | D:6      | Reached **** piety under Trog
  3837 | D:6      | Killed Duvessa
  3842 | D:6      | Killed Dowan
  4279 | D:6      | Reached skill level 1 in Shields
  4314 | D:6      | Found a shattered altar of Ashenzari.
  4591 | D:6      | Noticed Grinder
  4591 | D:6      | Paralysed by Grinder for 2 turns
  4616 | D:6      | Paralysed by Grinder for 7 turns
  4623 | D:6      | Killed Grinder
  4623 | D:6      | Reached skill level 10 in Long Blades
  4623 | D:6      | Reached XP level 9. HP: 60/78 MP: 8/8
  5116 | D:7      | Found a sacrificial altar of Ru.
  5121 | D:7      | Got a bloodstained scale mail
  5132 | D:7      | Identified the +1 scale mail "Arhukh" {rPois rN+} (You found it on level 7 of the Dungeon)
  5270 | D:7      | Found a staircase to the Ecumenical Temple.
  5422 | Temple   | Entered the Ecumenical Temple
  5904 | D:8      | Reached skill level 11 in Long Blades
  5971 | D:8      | Noticed a two-headed ogre
  5986 | D:8      | Killed a two-headed ogre
  5986 | D:8      | Reached XP level 10. HP: 88/88 MP: 9/9
  5999 | D:8      | Noticed Psyche
  6009 | D:8      | Killed Psyche
  6494 | D:9      | Identified a scroll of acquirement
  6541 | D:9      | Noticed a two-headed ogre
  6546 | D:9      | Killed a two-headed ogre
  6546 | D:9      | Reached ***** piety under Trog
  6546 | D:9      | Reached skill level 12 in Long Blades
  6546 | D:9      | Reached skill level 5 in Shields
  6654 | D:10     | Entered Level 10 of the Dungeon
  6693 | D:10     | Killed an unseen horror
  6693 | D:10     | Reached skill level 10 in Armour
  6693 | D:10     | Reached skill level 5 in Dodging
  6807 | D:10     | Paralysed by fainting for 8 turns
  7055 | D:10     | Noticed a two-headed ogre
  7058 | D:10     | Killed a two-headed ogre
  7058 | D:10     | Received a gift from Trog
  7058 | D:10     | Reached skill level 13 in Long Blades
  7065 | D:10     | Got a smoking great sword {god gift}
  7068 | D:10     | Identified the +4 great sword "Elurhy Renea" {slice, *Slow rC+ rN+ Str+3} (Trog gifted it to you on level 10 of the Dungeon)
  7118 | D:10     | Noticed a two-headed ogre
  7123 | D:10     | Killed a two-headed ogre
  7123 | D:10     | Reached XP level 11. HP: 85/97 MP: 10/10
  7162 | D:10     | Found a staircase to the Lair.
  7170 | D:10     | Noticed Gastronok
  7181 | D:10     | Killed Gastronok
  7352 | Lair:1   | Entered Level 1 of the Lair of Beasts
  7512 | Lair:1   | Reached skill level 14 in Long Blades
  8416 | Lair:2   | Noticed Nergalle
  8426 | Lair:2   | Killed Nergalle
  8737 | Lair:2   | Reached skill level 10 in Fighting
  8828 | Lair:2   | Reached skill level 15 in Long Blades
  8871 | Lair:2   | Reached XP level 12. HP: 56/106 MP: 11/11
 10060 | Lair:3   | Noticed a five-headed hydra
 10064 | Lair:3   | Killed a seven-headed hydra
 10387 | Lair:4   | Found a hole to the Spider Nest.
 10477 | Lair:4   | Found a staircase to the Swamp.
 10495 | Lair:4   | Noticed a four-headed hydra
 10505 | Lair:4   | Killed a seven-headed hydra
 10505 | Lair:4   | Reached skill level 16 in Long Blades
 11328 | Lair:5   | Noticed a seven-headed hydra
 11335 | Lair:5   | Killed a nine-headed hydra
 11350 | Lair:5   | Found a labyrinth entrance.
 11359 | Lab      | Entered a labyrinth
 11869 | Lab      | Noticed a minotaur
 11875 | Lab      | Killed a minotaur
 11883 | Lab      | Identified the Guide on Dark Secrets
 12135 | Lair:5   | Noticed a five-headed hydra
 12139 | Lair:5   | Noticed Snorg
 12144 | Lair:5   | Killed an eight-headed hydra
 12149 | Lair:5   | Killed Snorg
 12149 | Lair:5   | Reached skill level 17 in Long Blades
 12149 | Lair:5   | Reached XP level 13. HP: 117/117 MP: 7/12
 12595 | Lair:5   | Found a staircase to the Slime Pits.
 12843 | Lair:6   | Entered Level 6 of the Lair of Beasts
 12873 | Lair:6   | Reached ****** piety under Trog
 13336 | Lair:6   | Reached skill level 18 in Long Blades
 13472 | Lair:6   | Received a gift from Trog
 13804 | Lair:6   | Slain by an 11-headed hydra

Skill      XL: |  1  2  3  4  5  6  7  8  9 10 11 12 13 |
---------------+----------------------------------------+-----
Long Blades    | 4 5 6 8 10 11 13 15 17 18 | 18.2
Fighting       | 4 5 6 7 9 10 11 12 | 12.8
Armour         | 3 5 7 9 10 11 12 | 12.5
Dodging        | 3 4 5 6 7 8 |  8.2
Stealth        | 1 2 3 |  3.1
Shields        | 2 4 5 |  5.4
Throwing       | |  0.7

Action                   |  1- 3 |  4- 6 |  7- 9 | 10-12 | 13-15 || total
-------------------------+-------+-------+-------+-------+-------++-------
Melee: Falchion          |    81 |    80 |   299 |    46 |       ||   506
       Headbutt          |    12 |    16 |    64 |    94 |    31 ||   217
       Triple sword      |       |       |       |    62 |       ||    62
       Great sword       |       |       |       |   239 |   132 ||   371
Throw: Tomahawk          |       |       |     3 |       |       ||     3
Invok: Berserk           |       |     2 |     3 |     8 |     3 ||    16
       Brothers in Arms  |       |       |     1 |       |     1 ||     2
       Burn Spellbooks   |       |       |       |     1 |       ||     1
  Use: Scroll            |       |       |    20 |     8 |       ||    28
 Stab: Invisible         |       |       |       |     2 |       ||     2
  Eat: Chunk             |       |     5 |     7 |    14 |     5 ||    31
       Ration            |       |       |     2 |     5 |     1 ||     8
Armor: Animal skin       |     4 |       |       |       |       ||     4
       Chain mail        |    20 |    54 |   100 |       |       ||   174
       Scale mail        |       |       |    35 |   187 |    55 ||   277
Dodge: Dodged            |    60 |    58 |   101 |   215 |   119 ||   553
Block: Buckler           |       |       |    62 |    16 |       ||    78
       Rpst.: Falchion   |    10 |    12 |    24 |     4 |       ||    50
       Triple sword      |       |       |       |    12 |       ||    12
       Great sword       |       |       |       |    37 |    24 ||    61
